 Dungeon Sprint DCSS version 0.24-a0-250-g6074511092 (webtiles) character file.

Game seed: 10554275030232681942

123 Redear the Skirmisher (level 4, -20/39 HPs)
             Began as a Demonspawn Fighter on Apr 15, 2019.
             Killed from afar by a deep elf mage (25 damage)
             ... with a lance of force
             ... in the Dungeon (Sprint III: "The Ten Rune Challenge").
             The game lasted 00:01:46 (674 turns).

Redear the Skirmisher (Demonspawn Fighter)           Turns: 674, Time: 00:01:46

Health: -20/39     AC:  7    Str: 16    XL:     4   Next: 79%
Magic:  0/4        EV:  7    Int: 10    God:
Gold:   26         SH:  9    Dex: 13    Spells: 3/3 levels left

rFire    . . .     SeeInvis .     - Unarmed
rCold    . . .     Gourm    .   b - +0 shield
rNeg     . . .     Faith    .   a - +0 scale mail
rPois    .         Spirit   +   (no helmet)
rElec    .         Reflect  .   (no cloak)
rCorr    .         Harm     .   (no gloves)
MR       +....     NoTele   +   (no boots)
Stlth    ..........             (no amulet)
HPRegen  0.13/turn              (no ring)
MPRegen  0.09/turn              (no ring)

@: no status effects
A: claws 1, hooves 1, magic resistance 1, mutation resistance 1, magic shield
a: no special abilities


You were in the Dungeon.
You were not hungry.

You visited 1 branch You collected 26 gold pieces.

Inventory:

Armour
 a - a +0 scale mail (worn)
 b - a +0 shield (worn)
Scrolls
 d - 5 scrolls of identify
 f - 2 scrolls of holy word {unknown}
 B - a scroll of blinking {@r4}
 N - 4 scrolls of remove curse
Potions
 c - a potion of might {Str+5 DMG+1d10 | @q3}
 e - 3 potions of flight
 g - a potion of resistance {unknown}
 h - 2 potions of magic
 j - 4 potions of mutation {!q}
Comestibles
 z - 3 rations


   Skills:
 + Level 5.6 Fighting
 + Level 5.1 Armour
 + Level 5.1 Shields
 + Level 4.6 Unarmed Combat


You had 3 spell levels left.
You didn't know any spells.
Your spell library was empty.

Dungeon Overview and Level Annotations

Branches:
Dungeon (1/1)

Altars:
Elyvilon
Zin
The Shining One


Innate Abilities, Weirdness & Mutations

You have sharp fingernails.
You have large cloven feet.
When hurt, damage is shared between your health and your magic reserves.
You are resistant to hostile enchantments. (MR+)
You are somewhat resistant to further mutation.


Message History

You convulse.
You take 3 damage, and have 36/39 hp.
You scratch the deep elf mage but do no damage.
Your kick misses the deep elf mage.
The deep elf mage gestures wildly while chanting.
The deep elf mage conjures a globe of magical energy!
A battlesphere comes into view.
You miss the deep elf mage. You kick the deep elf mage.
The deep elf mage is lightly wounded.
The deep elf mage gestures at you while chanting.
The lance of force hits you!!
You are knocked back by the lance of force.
You slam into the stone wall!
* * * LOW HITPOINT WARNING * * *
The battlesphere fires!
You take 31 damage, and have 5/39 hp.
MASSIVE DAMAGE!!
You now have 1/4 mp.
The deep elf mage gestures at you while chanting.
The lance of force hits you!!
Ouch! That really hurt!
You die...

▓▓▓▓▓ ▓▓▓ #..†####
##.#####
#......#####..#_*_#
#.......#..#..#e@.#
##.##...#..#..###'#+###+#
##.###..##'#..#..........
###.##..###...'.⌠........
#..##.)####...#...######+
...##..###....#.⌠.#
..##...##.....#...#
.##....#......#+###
###..##÷#.....#


You could see a deep elf mage and a battlesphere.

Vanquished Creatures
  A water elemental (D)
  Jessica (D)
  A human (D)
  2 oozes (D)
  A phantom (D)
  A rat (D)
7 creatures vanquished.

Vanquished Creatures (others)
  2 draconian scorchers (D)
  Nessos (D)
  6 hellions (D)
  2 yaktaurs (D)
  2 plants (D)
13 creatures vanquished.

Grand Total: 20 creatures vanquished

Notes
Turn   | Place    | Note
-------+----------+-------------------------------------------
     0 | D        | Redear the Demonspawn Fighter began the quest for the Orb.
     0 | D        | Reached XP level 1. HP: 18/18 MP: 1/1
    22 | D        | Reached skill level 3 in Armour
    22 | D        | Reached skill level 3 in Shields
    22 | D        | Reached skill level 2 in Unarmed Combat
    32 | D        | Gained mutation: You have large cloven feet. [demonic
                  | ancestry]
    32 | D        | Reached XP level 2. HP: 11/24 MP: 2/2
    84 | D        | Killed a yaktaur
   131 | D        | Killed a hellion
   132 | D        | Killed a hellion
   156 | D        | Killed a hellion
   170 | D        | Noticed Jessica
   176 | D        | Killed Jessica
   176 | D        | Reached skill level 4 in Fighting
   176 | D        | Reached skill level 3 in Unarmed Combat
   176 | D        | Gained mutation: When hurt, damage is shared between your
                  | health and your magic reserves. [demonic ancestry]
   176 | D        | Reached XP level 3. HP: 29/31 MP: 3/3
   180 | D        | Killed a hellion
   204 | D        | Killed a hellion
   218 | D        | Reached skill level 4 in Armour
   218 | D        | Reached skill level 4 in Shields
   220 | D        | HP: 3/31 [phantom (4)]
   251 | D        | Gained mutation: You are clumsy. (Dex -2) [potion of
                  | mutation]
   251 | D        | Gained mutation: You have a pair of small horns on your
                  | head. [potion of mutation]
   252 | D        | Lost mutation: You are clumsy. (Dex -2) [potion of
                  | mutation]
   252 | D        | Lost mutation: You have a pair of small horns on your head.
                  | [potion of mutation]
   252 | D        | Gained mutation: You are resistant to hostile enchantments.
                  | (MR+) [potion of mutation]
   252 | D        | Gained mutation: You are somewhat resistant to further
                  | mutation. [potion of mutation]
   252 | D        | Killed a white draconian scorcher
   287 | D        | Killed a hellion
   370 | D        | Killed Nessos
   383 | D        | Killed a white draconian scorcher
   512 | D        | Noticed a water elemental
   520 | D        | Killed a water elemental
   520 | D        | Reached skill level 5 in Fighting
   520 | D        | Reached skill level 5 in Armour
   520 | D        | Reached skill level 5 in Shields
   520 | D        | Reached skill level 4 in Unarmed Combat
   520 | D        | Gained mutation: You have sharp fingernails. [demonic
                  | ancestry]
   520 | D        | Reached XP level 4. HP: 26/39 MP: 0/4
   593 | D        | Killed a yaktaur
   669 | D        | Found a glowing silver altar of Zin.
   670 | D        | Found a glowing golden altar of the Shining One.
   670 | D        | Found a white marble altar of Elyvilon.
   670 | D        | Noticed a deep elf mage
   674 | D        | Killed from afar by a deep elf mage

Levels and vault maps discovered:
D:        dungeon_sprint_mu [sprint_mu_entry_cave, sprint_mu_temple_rooms,
          sprint_mu_d1_spiders, sprint_mu_d2_genie, sprint_mu_d3_branching,
          sprint_mu_orc_legion, sprint_mu_elf_gauntlet, sprint_mu_hive_nellie,
          sprint_mu_lair_fedhas, sprint_mu_vaults_butterflies,
          sprint_mu_slime_circle, sprint_mu_swamp_cave, sprint_mu_snake_twists,
          sprint_mu_blade_basic, sprint_mu_crypt_chambers,
          sprint_mu_tomb_spiral, sprint_mu_vestibule_basic,
          sprint_mu_gehenna_hellfire, sprint_mu_dis_giant,
          sprint_mu_tartarus_statrot, sprint_mu_cocytus_islands, sprint_mu_zot1]

Skill      XL: |  1  2  3 |
---------------+----------+-----
Armour         | 3 5 |  5.1
Shields        | 3 5 |  5.1
Unarmed Combat | 2 3 4 |  4.6
Fighting       | 4 5 |  5.6

Action                   |  1- 3 |  4- 6 || total
-------------------------+-------+-------++-------
Melee: Unarmed           |    66 |     2 ||    68
       Kick              |    14 |     1 ||    15
  Use: Potion            |     6 |       ||     6
Armor: Scale mail        |    15 |       ||    15
Dodge: Dodged            |    12 |       ||    12
Block: Shield            |    20 |       ||    20

Table legend:
 A = Non-vault XP
 B = Vault XP
 C = Vault XP percentage of total XP
 D = Non-vault monster count
 E = Vault monster count
 F = Vault count percentage of total count
                 A         B        C        D         E       F
            +---------+---------+-------+---------+---------+-------
      Total |       0 |     176 | 100.0 |       0 |       7 | 100.0
            +---------+---------+-------+---------+---------+-------
          D |       0 |     176 | 100.0 |       0 |       7 | 100.0
            +---------+---------+-------+---------+---------+-------
